UNITED STATES SILVER LEAGUE
NORTHERN VIRGINIA RETRIEVERS VS ROCKY MOUNTAIN BEARS
07/19/2014
 
TOP OF THE 1ST
Rocky Mountain Bears batting - Pitching for Northern Virginia Retrievers : LHP Pat Horton
Pitching: LHP Pat Horton
Batting: RHB Mark Melton 0-0: Foul Ball, location: 2F
0-1: Called Strike
0-2: Strikes out looking
Batting: SHB Charles Waller 0-0: SINGLE (Line Drive, 56D)
Batting: SHB Jim Morris 0-0: Ball
1-0: Ball
2-0: Foul Ball, location: 2F
2-1: Ball
3-1: Base on Balls
Charles Waller to second
Batting: RHB Melvin Hunter 0-0: SINGLE (Line Drive, 4MD)
Charles Waller to third
Jim Morris to second
Runner from 3rd tries for Home, SAFE, throw made home
Batting: RHB Cliff Dixon 0-0: Ball
Jim Morris steals 3rd base
1-0: Grounds into double play, 6-4-3 (Groundball, 6)
Top of the 1st over - 1 run(s), 2 hit(s), 0 error(s), 2 left on base; Rocky Mountain 1 - Northern Virginia 0
BOTTOM OF THE 1ST
Northern Virginia Retrievers batting - Pitching for Rocky Mountain Bears : RHP Junior Collins
Pitching: RHP Junior Collins
Batting: LHB Luis Robles 0-0: Swinging Strike
0-1: Ball
1-1: Called Strike
1-2: Ball
2-2: Fly out, F2 (Popup, 2LF)
Batting: LHB Jim Chaffe 0-0: Foul Ball, location: 2F
0-1: Called Strike
0-2: Ground out 6-3 (Groundball, 6)
Batting: RHB Don Brown 0-0: Foul Ball, location: 2F
0-1: Called Strike
0-2: Ball
1-2: Ball
2-2: Foul Ball, location: 2F
2-2: Foul Ball, location: 2F
2-2: Foul Ball, location: 2F
2-2: Strikes out swinging passed ball, reaches first!
Batting: RHB Jorge Gómez 0-0: Foul Ball, location: 2F
0-1: Called Strike
0-2: Ball
1-2: Foul Ball, location: 2F
1-2: Ball
2-2: SINGLE (Groundball, 6MD)
Don Brown to second
Runner from 2nd tries for 3rd, SAFE, throw made to third
Batting: RHB José Rodríguez 0-0: Foul Ball, location: 2F
0-1: Ball
1-1: Ball
Wild Pitch!
Don Brown scores
Jorge Gómez to second
2-1: Swinging Strike
2-2: Ball
3-2: Foul Ball, location: 2F
3-2: Fly out, F4 (Line Drive, 4MD)
Bottom of the 1st over - 1 run(s), 1 hit(s), 0 error(s), 1 left on base; Rocky Mountain 1 - Northern Virginia 1
TOP OF THE 2ND
Rocky Mountain Bears batting - Pitching for Northern Virginia Retrievers : LHP Pat Horton
Batting: RHB Jason Nicholson 0-0: Ground out 6-3 (Groundball, 6M)
Batting: RHB Merrill Campbell 0-0: Ball
1-0: Ball
2-0: Called Strike
2-1: Called Strike
2-2: Strikes out swinging
Batting: RHB Alejandro Robles 0-0: Fly out, F8 (Flyball, 8LM)
Top of the 2nd over - 0 run(s), 0 hit(s), 0 error(s), 0 left on base; Rocky Mountain 1 - Northern Virginia 1
BOTTOM OF THE 2ND
Northern Virginia Retrievers batting - Pitching for Rocky Mountain Bears : RHP Junior Collins
Batting: RHB Danny Spencer 0-0: Ball
1-0: Ball
2-0: Called Strike
2-1: Ball
3-1: Called Strike
3-2: Fly out, F4 (Popup, 4MD)
Batting: LHB Scott Boardman 0-0: Ball
1-0: Ball
2-0: Fly out, F7 (Flyball, 7M)
Batting: SHB Matt Nichols 0-0: Called Strike
0-1: Swinging Strike
0-2: Foul Ball, location: 2F
0-2: Ball
1-2: Ball
2-2: Ball
3-2: Foul Ball, location: 2F
3-2: Strikes out swinging
Bottom of the 2nd over - 0 run(s), 0 hit(s), 0 error(s), 0 left on base; Rocky Mountain 1 - Northern Virginia 1
TOP OF THE 3RD
Rocky Mountain Bears batting - Pitching for Northern Virginia Retrievers : LHP Pat Horton
Batting: RHB Junior Collins 0-0: Foul Ball, location: 2F
0-1: Ground out 5-3 (Groundball, 56S)
Batting: RHB Mark Melton 0-0: Called Strike
0-1: Ground out 5-3 (Groundball, 5S)
Batting: SHB Charles Waller 0-0: Ball
1-0: DOUBLE (Line Drive, 6MS)
Batting: SHB Jim Morris 0-0: Swinging Strike
0-1: Called Strike
0-2: Ball
1-2: Ball
2-2: Foul Ball, location: 2F
2-2: Ball
3-2: Strikes out swinging
Top of the 3rd over - 0 run(s), 1 hit(s), 0 error(s), 1 left on base; Rocky Mountain 1 - Northern Virginia 1
BOTTOM OF THE 3RD
Northern Virginia Retrievers batting - Pitching for Rocky Mountain Bears : RHP Junior Collins
Batting: RHB Pat Horton 0-0: Called Strike
0-1: Foul Ball, location: 2F
0-2: Fly out, F7 (Flyball, 7M)
Batting: LHB Luis Robles 0-0: Called Strike
0-1: Foul Ball, location: 2F
0-2: Ball
1-2: Foul Ball, location: 2F
1-2: Ball
2-2: Foul Ball, location: 2F
2-2: Ball
3-2: Base on Balls
Batting: LHB Jim Chaffe 0-0: Ball
1-0: Ball
2-0: Ball
3-0: Called Strike
3-1: Ground out 3-1 (Groundball, 34)
Luis Robles to second
Batting: RHB Don Brown 0-0: Ball
1-0: Called Strike
1-1: Ball
2-1: Called Strike
2-2: Ball
3-2: Base on Balls
Batting: RHB Jorge Gómez 0-0: Called Strike
0-1: Fly out, F9 (Flyball, 9M)
Bottom of the 3rd over - 0 run(s), 0 hit(s), 0 error(s), 2 left on base; Rocky Mountain 1 - Northern Virginia 1
TOP OF THE 4TH
Rocky Mountain Bears batting - Pitching for Northern Virginia Retrievers : LHP Pat Horton
Batting: RHB Melvin Hunter 0-0: Ball
1-0: SOLO HOME RUN (Flyball, 7LD), Distance : 365 ft
Batting: RHB Cliff Dixon 0-0: Ground out 6-3 (Groundball, 6)
Batting: RHB Jason Nicholson 0-0: Fly out, F8 (Flyball, 8LM)
Batting: RHB Merrill Campbell 0-0: SINGLE (Groundball, 4MD)
Batting: RHB Alejandro Robles 0-0: Ball
1-0: Ball
2-0: Ball
3-0: Called Strike
3-1: Foul Ball, location: 2F
3-2: Fly out, F9 (Line Drive, 9M)
Top of the 4th over - 1 run(s), 2 hit(s), 0 error(s), 1 left on base; Rocky Mountain 2 - Northern Virginia 1
BOTTOM OF THE 4TH
Northern Virginia Retrievers batting - Pitching for Rocky Mountain Bears : RHP Junior Collins
Batting: RHB José Rodríguez 0-0: Called Strike
0-1: Ground out 4-3 (Groundball, 4)
Batting: RHB Danny Spencer 0-0: Ball
1-0: Called Strike
1-1: Called Strike
1-2: Strikes out swinging
Batting: LHB Scott Boardman 0-0: Ball
1-0: Fly out, F8 (Popup, 6MD)
Bottom of the 4th over - 0 run(s), 0 hit(s), 0 error(s), 0 left on base; Rocky Mountain 2 - Northern Virginia 1
TOP OF THE 5TH
Rocky Mountain Bears batting - Pitching for Northern Virginia Retrievers : LHP Pat Horton
Batting: RHB Junior Collins 0-0: Swinging Strike
0-1: Foul Ball, location: 2F
0-2: Strikes out swinging
Batting: RHB Mark Melton 0-0: Ball
1-0: Swinging Strike
1-1: Swinging Strike
1-2: Ball
2-2: Fly out, F1 (Line Drive, 13S)
Batting: SHB Charles Waller 0-0: Swinging Strike
0-1: Fly out, F8 (Flyball, 8LM)
Top of the 5th over - 0 run(s), 0 hit(s), 0 error(s), 0 left on base; Rocky Mountain 2 - Northern Virginia 1
BOTTOM OF THE 5TH
Northern Virginia Retrievers batting - Pitching for Rocky Mountain Bears : RHP Junior Collins
Batting: SHB Matt Nichols 0-0: Ball
1-0: Bunt for hit - play at first, batter OUT! 1-3
Batting: RHB Pat Horton 0-0: Swinging Strike
0-1: Ball
1-1: Ground out 6-3 (Groundball, 6)
Batting: LHB Luis Robles 0-0: Ball
1-0: Called Strike
1-1: Ball
2-1: Foul Ball, location: 2F
2-2: SOLO HOME RUN (Line Drive, 9D), Distance : 389 ft
Batting: LHB Jim Chaffe 0-0: Ball
1-0: Ground out 1-3 (Groundball, 13S)
Bottom of the 5th over - 1 run(s), 1 hit(s), 0 error(s), 0 left on base; Rocky Mountain 2 - Northern Virginia 2
TOP OF THE 6TH
Rocky Mountain Bears batting - Pitching for Northern Virginia Retrievers : LHP Pat Horton
Batting: SHB Jim Morris 0-0: Called Strike
0-1: Ball
1-1: Called Strike
1-2: SINGLE (Groundball, 34D) (infield hit)
Batting: RHB Melvin Hunter 0-0: Called Strike
0-1: Ball
1-1: 2-RUN HOME RUN (Flyball, 7D), Distance : 384 ft
Batting: RHB Cliff Dixon 0-0: Fly out, F9 (Flyball, 89M)
Batting: RHB Jason Nicholson 0-0: Ball
1-0: Called Strike
1-1: Called Strike
1-2: Ball
2-2: Foul Ball, location: 2F
2-2: Strikes out swinging
Batting: RHB Merrill Campbell 0-0: Ball
1-0: Fly out, F4 (Popup, 4D)
Top of the 6th over - 2 run(s), 2 hit(s), 0 error(s), 0 left on base; Rocky Mountain 4 - Northern Virginia 2
BOTTOM OF THE 6TH
Northern Virginia Retrievers batting - Pitching for Rocky Mountain Bears : RHP Junior Collins
Batting: RHB Don Brown 0-0: Ball
1-0: Foul Ball, location: 2F
1-1: Foul Ball, location: 2F
1-2: Ball
2-2: Ball
3-2: Base on Balls
Batting: RHB Jorge Gómez 0-0: Ball
1-0: Ball
2-0: Called Strike
2-1: Grounds into double play, 4-6-3 (Groundball, 4)
Batting: RHB José Rodríguez 0-0: Ball
1-0: Ball
2-0: Ball
3-0: Base on Balls
Pitching: LHP Ryan Miller
Now in LF: George Taylor
Batting: RHB Danny Spencer 0-0: Fly out, F8 (Flyball, 8RD)
Bottom of the 6th over - 0 run(s), 0 hit(s), 0 error(s), 1 left on base; Rocky Mountain 4 - Northern Virginia 2
TOP OF THE 7TH
Rocky Mountain Bears batting - Pitching for Northern Virginia Retrievers : LHP Pat Horton
Batting: RHB Alejandro Robles 0-0: Ball
1-0: Ground out 5-3 (Groundball, 5)
Batting: LHB George Taylor 0-0: Ball
1-0: Ball
2-0: Called Strike
2-1: Foul Ball, location: 2F
2-2: Strikes out looking
Batting: RHB Mark Melton 0-0: SINGLE (Groundball, 56)
Batting: SHB Charles Waller 0-0: Foul Ball, location: 2F
0-1: Ball
Mark Melton steals 2nd base
1-1: Called Strike
1-2: Ball
2-2: Foul Ball, location: 2F
2-2: Fly out, F9 (Flyball, 89XD)
Top of the 7th over - 0 run(s), 1 hit(s), 0 error(s), 1 left on base; Rocky Mountain 4 - Northern Virginia 2
BOTTOM OF THE 7TH
Northern Virginia Retrievers batting - Pitching for Rocky Mountain Bears : LHP Ryan Miller
Batting: LHB Scott Boardman 0-0: Ball
1-0: Ball
2-0: Ground out 5-3 (Groundball, 6S)
Batting: SHB Matt Nichols 0-0: Ball
1-0: Ball
2-0: Foul Ball, location: 2F
2-1: Foul Ball, location: 2F
2-2: Strikes out swinging
Pinch Hitting: LHB John Holbrook 0-0: Ball
1-0: Ball
2-0: SOLO HOME RUN (Flyball, 8RXD), Distance : 438 ft
Batting: LHB Luis Robles 0-0: Ball
1-0: Called Strike
1-1: Ball
2-1: SINGLE (Groundball, 4D)
Batting: LHB Jim Chaffe 0-0: Called Strike
Luis Robles is caught stealing 2nd base
Bottom of the 7th over - 1 run(s), 2 hit(s), 0 error(s), 0 left on base; Rocky Mountain 4 - Northern Virginia 3
TOP OF THE 8TH
Rocky Mountain Bears batting - Pitching for Northern Virginia Retrievers : LHP Pat Horton
Pitching: RHP Derek Wolton
Batting: SHB Jim Morris 0-0: Ball
1-0: Ground out U3 (Groundball, 3)
Batting: RHB Melvin Hunter 0-0: Foul Ball, location: 2F
0-1: Swinging Strike
0-2: Ball
1-2: Ball
2-2: Ball
3-2: Foul Ball, location: 2F
3-2: Strikes out swinging
Batting: RHB Cliff Dixon 0-0: Called Strike
0-1: Called Strike
0-2: Ball
1-2: Ball
2-2: Ball
3-2: Foul Ball, location: 2F
3-2: Base on Balls
Batting: RHB Jason Nicholson 0-0: Ball
1-0: Called Strike
1-1: Ball
2-1: Foul Ball, location: 2F
2-2: Foul Ball, location: 2F
2-2: Ball
3-2: Foul Ball, location: 2F
3-2: Strikes out swinging
Top of the 8th over - 0 run(s), 0 hit(s), 0 error(s), 1 left on base; Rocky Mountain 4 - Northern Virginia 3
BOTTOM OF THE 8TH
Northern Virginia Retrievers batting - Pitching for Rocky Mountain Bears : LHP Ryan Miller
Pitching: LHP Rick Payne
Now at C: Dan Finch
Now at 1B: Tim Walker
Batting: LHB Jim Chaffe 0-0: Ball
1-0: Fly out, F8 (Line Drive, 8LM)
Pitching: RHP Dae Yi
Batting: RHB Don Brown 0-0: Ground out 6-3 (Groundball, 6S)
Batting: RHB Jorge Gómez 0-0: Foul Ball, location: 2F
0-1: Ball
1-1: Swinging Strike
1-2: Ball
2-2: Foul Ball, location: 2F
2-2: Foul Ball, location: 2F
2-2: Strikes out swinging
Bottom of the 8th over - 0 run(s), 0 hit(s), 0 error(s), 0 left on base; Rocky Mountain 4 - Northern Virginia 3
TOP OF THE 9TH
Rocky Mountain Bears batting - Pitching for Northern Virginia Retrievers : RHP Derek Wolton
Batting: LHB Tim Walker 0-0: Called Strike
0-1: Foul Ball, location: 2F
0-2: Foul Ball, location: 2F
0-2: Strikes out swinging
Batting: RHB Alejandro Robles 0-0: Swinging Strike
0-1: Foul Ball, location: 2F
0-2: Ground out 6-3 (Groundball, 6S)
Batting: LHB George Taylor 0-0: Called Strike
0-1: Ball
1-1: Ball
2-1: Ball
3-1: Base on Balls
Batting: RHB Mark Melton 0-0: Swinging Strike
0-1: Swinging Strike
0-2: Fielders Choice at 2nd, U6 (Groundball, 6M)
Top of the 9th over - 0 run(s), 0 hit(s), 0 error(s), 1 left on base; Rocky Mountain 4 - Northern Virginia 3
BOTTOM OF THE 9TH
Northern Virginia Retrievers batting - Pitching for Rocky Mountain Bears : RHP Dae Yi
Pitching: RHP John Dodson
Now at 2B: Jeff Gardner
Batting: RHB José Rodríguez 0-0: Ball
1-0: Ground out 1-3 (Groundball, 13S)
Batting: RHB Danny Spencer 0-0: Called Strike
0-1: SINGLE (Groundball, 25) (infield hit)
Batting: LHB Scott Boardman 0-0: Ball
1-0: Called Strike
1-1: Called Strike
1-2: Strikes out swinging
Batting: SHB Matt Nichols 0-0: Ball
1-0: Ball
2-0: Ball
3-0: Base on Balls
Danny Spencer to second
Pinch Hitting: LHB Chris Drew 0-0: Called Strike
0-1: Called Strike
0-2: Strikes out swinging
Bottom of the 9th over - 0 run(s), 1 hit(s), 0 error(s), 2 left on base; Rocky Mountain 4 - Northern Virginia 3
This league is powered by Out of the Park Baseball, the baseball management simulation game for PC, Mac and Linux
Thursday, April 24th, 2014 - OOTP Baseball 14.6 Build 33